 Dungeon Crawl Stone Soup version 0.31.0-32-g396128a36d (webtiles) character file.

Game seed: 17841849116494479107

53 jagang the Slasher (level 3, -2/29 HPs)
             Began as a Human Monk on Mar 15, 2024.
             Slain by a hound (3 damage)
             ... on level 2 of the Dungeon.
             The game lasted 00:01:58 (697 turns).

jagang the Slasher (Human Monk)                      Turns: 697, Time: 00:01:58

Health: -2/29      AC:  2    Str: 11    XL:     3   Next: 89%
Magic:  0/3        EV: 13    Int: 10    God:
Gold:   109        SH:  0    Dex: 17    Spells: 2/2 levels left

rFire   . . .        a - +0 falchion
rCold   . . .        d - orb {light}
rNeg    . . .        b - +0 robe
rPois   .            (no helmet)
rElec   .            (no cloak)
rCorr   .            (no gloves)
SInv    .            (no boots)
Will    .....        l - amulet of guardian spirit
Stlth   +            (no ring)
HPRegen 0.24/turn    (no ring)
MPRegen 0.08/turn

%: guardian spirit
@: glowing
A: explore regen
a: no special abilities


You were on level 2 of the Dungeon.
You visited 1 branch of the dungeon, and saw 2 of its levels.

You collected 109 gold pieces.

Inventory:

Hand Weapons
 a - a +0 falchion (weapon)
Armour
 b - a +0 robe (worn)
 d - an orb of light (worn)
 n - a +0 kite shield
Jewellery
 j - an amulet of magic regeneration
 l - an amulet of guardian spirit (around neck)
Scrolls
 h - a scroll of enchant armour {unknown}
 m - a scroll of revelation {unknown}
Potions
 c - 2 potions of ambrosia
 e - a potion of brilliance {unknown}
 f - a potion of lignification {unknown}
 g - a potion of mutation {unknown}
 i - a potion of degeneration {unknown}
 k - a potion of curing {unknown}


   Skills:
 - Level 3.0 Fighting
 * Level 4.2 Long Blades
 - Level 1.5 Armour
 - Level 3.0 Dodging
 + Level 0.4 Invocations


You had 2 spell levels left.
You didn't know any spells.
Your spell library was empty.

Dungeon Overview and Level Annotations

Branches:
Dungeon (2/15)

Altars:


Innate Abilities, Weirdness & Mutations

You regain HP and MP as you explore.


Message History

The hound is lightly wounded.
The hound bites you. The hobgoblin hits you.
* * * LOW HITPOINT WARNING * * *
You closely miss the hound.
The hound is lightly wounded.
The hound bites you.
* * * LOW HITPOINT WARNING * * *
The hobgoblin barely misses you. The hound misses you.
The hobgoblin barely misses you.
You barely miss the hound.
The hound is lightly wounded.
The hound closely misses you. The hound bites you. The hobgoblin misses you.
You barely miss the hound.
The hound is lightly wounded.
The hound barely misses you.
The hobgoblin hits you but does no damage.
You hit the hound.
The hound is moderately wounded.
The hound bites you.
* * * LOW HITPOINT WARNING * * *
The hound barely misses you.
The hobgoblin hits you but does no damage.
You hit the hound but do no damage.
The hound is moderately wounded.
The hound bites you.
* * * LOW HITPOINT WARNING * * *
The hobgoblin barely misses you. The hound bites you.
* * * LOW HITPOINT WARNING * * *
You barely miss the hound.
The hound is moderately wounded.
The hound misses you. The hobgoblin barely misses you. The hound misses you.
You hit the hound.
The hound is severely wounded.
The hound bites you. The hobgoblin misses you.
You barely miss the hound.
The hound is severely wounded.
The hound bites you.
* * * LOW HITPOINT WARNING * * *
The hobgoblin barely misses you. The hound bites you.
You die...

....h.. ####
.......
..### ....g
##...##..#
...##
##..†....#
#..#
#.†###.###
#.####.## #
##..†#<.#
#.##h.....##
#..@g##..##
#..#####..#
#.. ##.# ##.
... #. ##.#
#. .# #. #
#.


You could see a hound and a hobgoblin.

Vanquished Creatures
  An adder (D:2)
  2 dart slugs (D:1)
  A ribbon worm (D:2)
  2 ball pythons (D:1)
  5 bats
  5 endoplasms (D:1)
  A giant cockroach (D:1)
  3 goblins (D:1)
  3 hobgoblins
  2 quokkas (D:2)
  6 frilled lizards
  3 kobolds (D:1)
  3 rats (D:1)
37 creatures vanquished.

Notes
Turn   | Place    | Note
-------+----------+-------------------------------------------
     0 | D:1      | jagang the Human Monk began the quest for the Orb.
     0 | D:1      | Reached XP level 1. HP: 18/18 MP: 1/1
    60 | D:1      | Reached XP level 2. HP: 16/24 MP: 2/2
    71 | D:1      | Reached skill level 1 in Armour
   216 | D:1      | Reached XP level 3. HP: 28/29 MP: 3/3
   624 | D:2      | Reached skill level 4 in Long Blades
   697 | D:2      | HP: 1/29 [hound (3)]
   697 | D:2      | Slain by a hound

Illustrated notes

Levels and vault maps discovered:
D:1:      dreamdust_arrival_sigmund_warning, layout_rooms
D:2:      layout_rooms, basic_altar

Skill      XL: |  1  2  3 |
---------------+----------+-----
Armour         | 1 |  1.5
Long Blades    | 4 |  4.2
Fighting       | |  3.0
Dodging        | |  3.0
Invocations    | |  0.4

Action                     || total
---------------------------++-------
  Melee: Falchion          ||   115
 Armour: Robe              ||    79
  Dodge: Dodged            ||    98
